 Dungeon Crawl Stone Soup version 0.28-a0-1182-g381e24db82 (webtiles) character file.

Game seed: 13872300037344190813

93 Lavandula the Ruffian (level 4, -5/32 HPs)
             Began as a Formicid Transmuter on Dec 17, 2021.
             Slain by a scorpion (8 damage)
             ... on level 2 of the Dungeon.
             The game lasted 00:03:55 (2636 turns).

Lavandula the Ruffian (Formicid Transmuter)         Turns: 2636, Time: 00:03:56

Health: -5/32      AC:  2    Str: 21    XL:     4   Next: 91%
Magic:  4/7        EV: 12    Int: 14    God:
Gold:   45         SH:  0    Dex: 11    Spells: 1/7 levels left

rFire   . . .      SeeInvis +     - Unarmed
rCold   . . .      Faith    .   (no shield)
rNeg    . . .      Spirit   .   a - +0 robe
rPois   .          Reflect  .   (helmet unavailable)
rElec   .          Harm     .   (no cloak)
rCorr   .          Rampage  .   (no gloves)
Will    .....                   (boots currently unavailable)
Stlth   +.........              (no amulet)
HPRegen 0.10/turn               b - +6 ring of strength
MPRegen 0.10/turn               (no ring)

@: appendages (expiring), very slightly contaminated, invisible
A: talons 2, permanent stasis, dig shafts and tunnels, antennae 3, four strong
arms
a: Dig, Shaft Self, End Transformation


You were on level 2 of the Dungeon.
You had temporarily grown beastly talons.
You visited 1 branch of the dungeon, and saw 2 of its levels.

You collected 45 gold pieces.

Inventory:

Armour
 a - a +0 robe (worn)
Jewellery
 b - a +6 ring of strength (left hand)
Scrolls
 c - a scroll of acquirement {unknown}
 d - a scroll of amnesia {unknown}
 e - a scroll of enchant armour {unknown}


   Skills:
 - Level 1.1 Fighting
 - Level 1.7 Dodging
 - Level 4.0 Unarmed Combat
 - Level 2.1 Spellcasting
 + Level 3.2 Transmutations
 - Level 3.0 Poison Magic


You had one spell level left.
You knew the following spells:

 Your Spells              Type           Power      Damage    Failure   Level
a - Beastly Appendage     Tmut           20%        N/A       6%          1
b - Wereblood             Tmut           10%        N/A       10%         2
c - Spider Form           Tmut/Pois      10%        N/A       19%         3

Your spell library contained the following spells:

 Spells                   Type           Power      Damage    Failure   Level
 Ice Form                 Ice/Tmut       6%         N/A       75%         4


Dungeon Overview and Level Annotations

Branches:
Dungeon (2/15)

Altars:


Innate Abilities, Weirdness & Mutations

You have temporarily grown beastly talons.
You cannot be hasted, slowed, berserked, paralysed or teleported.
You can dig through walls and to a lower floor.
You have a pair of large antennae on your head. (SInv)
Your four strong arms can wield two-handed weapons with a shield.


Message History

Unknown command.
Casting: Beastly Appendage (safe; 6% risk of failure)
Press: ? - help, Q - select action, (/) - cycle Dir - look around, f - activate
Okay, then.
You feel stronger.
b - a +6 ring of strength (left hand)
Casting: Beastly Appendage (safe; 6% risk of failure)
Confirm with . or Enter, or press ? or * to list all spells.
You miscast Beastly Appendage.
You are very lightly contaminated with residual magic.
Nothing appears to happen.
You feel sick.
The scorpion stings you but does no damage.
Unknown command.
Casting: Beastly Appendage (safe; 6% risk of failure)
Confirm with . or Enter, or press ? or * to list all spells.
Your feet morph into talons.
You feel sick.
The scorpion stings you but does no damage.
You closely miss the scorpion. Your kick misses the scorpion.
You feel sick. The scorpion misses you.
Unknown command.
You barely miss the scorpion. Your kick misses the scorpion.
You feel sick. The scorpion stings you.
Unknown command.
You hit the scorpion. Your kick misses the scorpion.
You punch the scorpion, but do no damage.
The scorpion is lightly wounded.
You feel sick.
You are no longer poisoned.
The scorpion stings you.
* * * LOW HITPOINT WARNING * * *
It was a potion of invisibility.
You fade into invisibility!
The scorpion misses you. The scorpion stings you.
* * * LOW HITPOINT WARNING * * *
The scorpion misses you.
Your transformation is almost over.
Are you sure you want to shaft yourself?
The scorpion barely misses you. The scorpion stings you!
You die...

..........## ##.†.....#....(#
...........# #..##.##.......#
............#.#.#####.#.....#
####....##......##.##.# ....#
#............#b..#.# ####
.......###<##.##.##.########
.# ########
#..).#####.##.....#... #
#.#.##..##...#####.
#.@..........#..P#. #.
###s#####....#...#. #.####.##
#....#...#. #.......#
##...##### ###..##.# #.....#
.#.#.#.#.######.####
..................†.#
#.#.#.#.#.#.#########
...........#


You could see a scorpion.

Vanquished Creatures
  5 adders (D:2)
  6 bats
  An endoplasm (D:2)
  2 giant cockroaches
  3 goblins (D:1)
  4 hobgoblins
  7 jackals (D:1)
  2 kobolds
  5 quokkas
  2 frilled lizards
  7 rats
44 creatures vanquished.

Notes
Turn   | Place    | Note
-------+----------+-------------------------------------------
     0 | D:1      | Lavandula the Formicid Transmuter began the quest for the
                  | Orb.
     0 | D:1      | Reached XP level 1. HP: 15/15 MP: 3/3
   381 | D:1      | Reached XP level 2. HP: 21/21 MP: 3/5
   543 | D:1      | Learned a level 2 spell: Wereblood
   886 | D:1      | Reached skill level 4 in Unarmed Combat
   886 | D:1      | Reached XP level 3. HP: 25/26 MP: 4/6
   890 | D:1      | Learned a level 3 spell: Spider Form
  1295 | D:1      | Reached skill level 1 in Poison Magic
  1991 | D:2      | Reached XP level 4. HP: 9/32 MP: 3/7
  1996 | D:2      | HP: 1/32 [poisoned by an adder]
  2614 | D:2      | Noticed a scorpion
  2636 | D:2      | Slain by a scorpion

Illustrated notes

Levels and vault maps discovered:
D:1:      minmay_arrival_doors, layout_loops_corners, st_stairs_7
D:2:      layout_loops_cross, serial_aquarium, aquarium_bridge_square
          [aquarium_subvault_bridge, aquarium_subvault_bridge,
          aquarium_subvault_window, aquarium_subvault_wall],
          aquarium_window_double, aquarium_window_corridor_1, aquarium_window_2,
          aquarium_window_1, aquarium_view_2c, aquarium_pool_split,
          st_stairs_11, minmay_misc_feat_five, minmay_misc_feat_x

Skill      XL: |  1  2  3  4 |
---------------+-------------+-----
Unarmed Combat | 4 |  4.0
Poison Magic   | 2 3 |  3.0
Transmutations | 3 |  3.2
Fighting       | |  1.1
Dodging        | |  1.7
Spellcasting   | |  2.1

Action                   |  1- 3 |  4- 6 || total
-------------------------+-------+-------++-------
Melee: Unarmed           |   137 |    33 ||   170
       Kick              |    16 |     1 ||    17
       Punch             |       |     1 ||     1
 Cast: Beastly Appendage |    22 |     2 ||    24
       Wereblood         |     4 |     1 ||     5
       Spider Form       |       |     3 ||     3
 Abil: Shaft Self        |       |     1 ||     1
  Use: Potion            |       |     2 ||     2
 Stab: Sleeping          |     1 |       ||     1
Armor: Robe              |    30 |     4 ||    34
       Skin              |       |     1 ||     1
Dodge: Dodged            |    84 |    28 ||   112

Table legend: (Time is in decaauts)
 A = Elapsed time spent in this place.
 B = Non-inter-level travel time spent in this place.
 C = Inter-level travel time spent in this place.
 D = Time resting spent in this place.
 E = Time spent auto-exploring this place.
 F = Levels seen in this place.
 G = Mean time per level.
                   A        B        C        D        E       F      G
               +--------+--------+--------+--------+--------+-----+--------+
         Total |   2623 |   2585 |     38 |    378 |   1803 |   2 | 1311.5 |
       Dungeon |   2623 |   2585 |     38 |    378 |   1803 |   2 | 1311.5 |
               +--------+--------+--------+--------+--------+-----+--------+

Top non-repeatable levels by time:
     D:1: 1630 daAuts
     D:2: 993 daAuts
